 Dungeon Crawl Stone Soup version 0.20-a0-495-g2241292 (webtiles) character file.

14 M4edhros the Grave Robber (level 2, -5/17 HPs)
             Began as an Octopode Necromancer on Jan 19, 2017.
             Slain by a gnoll
             ... wielding a +0 flail of holy wrath
              (7 damage)
             ... on level 2 of the Dungeon.
             The game lasted 00:00:48 (104 turns).

M4edhros the Grave Robber (Octopode Necromancer)     Turns: 104, Time: 00:00:49

Health: -5/17      AC:  1    Str:  7    XL:     2   Next: 45%
Magic:  0/5        EV: 13    Int: 17    God:
Gold:   0          SH:  0    Dex: 12    Spells: 3/5 levels left

rFire    . . .     SeeInvis .   d - +2 whip (drain)
rCold    . . .     Gourm    .   (no shield)
rNeg     . . .     Faith    .   (helmet restricted)
rPois    .         Spirit   .   (no amulet)
rElec    .         Reflect  .   (no ring)
rCorr    .         Harm     .   (no ring)
MR       .....                  (no ring)
Stlth    +++.......             (no ring)
Regen    0.1/turn               (no ring)
                                (no ring)
                                (no ring)
                                (no ring)

@: no status effects
A: almost no armour, stealthy swim, amphibious, 8 rings, constrict 8, camouflage
1, gelatinous body 1
a: no special abilities


You were on level 2 of the Dungeon.
You were not hungry.

You visited 1 branch of the dungeon, and saw 2 of its levels.

Inventory:

Hand Weapons
 d - a +2 whip of draining (weapon)
Missiles
 c - 20 stones (quivered)
Books
 a - a book of Necromancy

   Spells                             Type                      Level
   a - Pain                           Necromancy                   1
   b - Animate Skeleton               Necromancy                   1
   c - Vampiric Draining              Necromancy                   3
   d - Regeneration                   Charms/Necromancy            3
   e - Animate Dead                   Necromancy                   4
   f - Control Undead                 Necromancy                   4
Comestibles
 b - a bread ration
 f - 3 chunks of flesh


   Skills:
 - Level 2.0 Dodging
 - Level 2.6 Stealth
 + Level 2.0 Unarmed Combat
 - Level 2.0 Spellcasting
 - Level 4.0 Necromancy


You had 3 spell levels left.
You knew the following spells:

 Your Spells              Type           Power        Failure   Level  Hunger
a - Pain                  Necr           ###.         3%          1    #......
b - Animate Skeleton      Necr           N/A          3%          1    #......


Dungeon Overview and Level Annotations

Branches:
Dungeon (2/15)

Altars:


Innate Abilities, Weirdness & Mutations

You cannot wear most types of armour.
You are very stealthy in the water. (Stealth+)
You are amphibious.
You can wear up to eight rings at the same time.
You can use your tentacles to constrict eight enemies at once.
Your skin changes colour to match your surroundings (Stealth+).
Your rubbery body absorbs attacks. (AC +1, EV +1)


Message History

Confirm with . or Enter, or press ? or * to list all spells.
Aiming: Pain
Press: ? - help, Shift-Dir - straight line, f/p - gnoll
Aim: a gnoll, wielding a flail of holy wrath (moderately wounded, chance to defeat MR: 80%)
The gnoll barely resists.
The gnoll hits you with a flail of holy wrath!
* * * LOW HITPOINT WARNING * * *
Unknown command.
You hit the gnoll. You grab the gnoll.
The gnoll is heavily wounded.
You constrict the gnoll, but do no damage.
The gnoll hits you with a flail of holy wrath.
* * * LOW HITPOINT WARNING * * *
Unknown command.
The gnoll shouts!
You hit the gnoll. You squeeze the gnoll.
The gnoll is almost dead.
You constrict the gnoll, but do no damage.
The gnoll hits you with a flail of holy wrath!
You die...

....g.. ######
....... #....#
....... #.##.#
#######.......
#.##.#
#....g.......<
#.##.#
#g#####.......
#.##.# #.#
###.###
#†##.###g# #
#.......@#
####.##### #†#
#.# #.# #.#
#.# #.# #.#


You could see 2 gnolls.

Vanquished Creatures
  A gnoll (D:2)
  A worm (D:2)
  A rat (D:2)
3 creatures vanquished.

Notes
Turn   | Place    | Note
-------+----------+-------------------------------------------
     0 | D:1      | M4edhros the Octopode Necromancer began the quest for the Orb.
     0 | D:1      | Reached XP level 1. HP: 11/11 MP: 3/3
    27 | D:2      | Reached skill level 1 in Unarmed Combat
    68 | D:2      | Reached XP level 2. HP: 12/17 MP: 0/5
    75 | D:2      | Learned a level 1 spell: Animate Skeleton
   104 | D:2      | Slain by a gnoll

Vault maps used:
D:1:      dpeg_arrival_fog, kennysheep_minor_cross, moated_statue,
          minmay_domino_4
D:2:      fedhas_altar_2, lemuel_crystal_altar,
          nemelex_xobeh_ov_fountains_minmay, uniq_terence

Skill      XL: |  1 |
---------------+----+-----
Unarmed Combat | 2 |  2.0
Dodging        | |  2.0
Stealth        | |  2.6
Spellcasting   | |  2.0
Necromancy     | |  4.0

Action                   || total
-------------------------++-------
Melee: Unarmed           ||     4
       Constrict         ||     2
       Tentacles         ||     2
       Whip              ||     2
 Cast: Pain              ||     8
       Animate Skeleton  ||     1
 Stab: Sleeping          ||     1
Dodge: Dodged            ||     1
